Map: Prion Terraces

Players

ILLBdA - Winner!

  • Race: Protoss Protoss
  • League: Platinum

Liken

  • Race: Terran Terran
  • League: Platinum

VOD

Have the link to the VOD?

Description

Time

  • Played on: Dec. 14, 2015, 12:11 a.m.
  • Length: 9:17
Show
View Real Time Build Order
Export as new Build Order

ILLBdA Protoss - Winner!

Build Orders: 1 Gate Expand, Oracle Opening 

Get SALT Encoding   

  12  0:01  Probe (Chrono Boost)  
  13  0:11  Probe (Chrono Boost)  
  14  0:20  Pylon  
  14  0:22  Probe (Chrono Boost)  
  15  0:38  Probe (Chrono Boost)  
  15  0:40  Gateway  
  15  0:42  Assimilator  
  16  0:48  Probe (Chrono Boost)  
  17  0:59  Probe (Chrono Boost)  
  18  1:10  Probe (Chrono Boost)  
  19  1:18  Nexus  
  19  1:22  Probe (Chrono Boost)  
  20  1:34  Cybernetics Core  
  20  1:39  Pylon  
  20  1:42  Probe (Chrono Boost)  
  21  1:52  Probe (Chrono Boost)  
  21  1:53  Assimilator  
  22  2:03  Probe (Chrono Boost)  
  23  2:10  Adept (Chrono Boost)  
  23  2:11  Warp Gate  
  23  2:14  Probe  
  26  2:24  Pylon  
  26  2:26  Mothership Core (Chrono Boost)  
  26  2:29  Probe (Chrono Boost)  
  29  2:41  Probe (Chrono Boost)  
  30  2:46  Probe (Chrono Boost)  
  31  2:52  Stargate  
  31  2:56  Probe (Chrono Boost)  
  31  2:57  Probe (Chrono Boost)  
  33  3:02  Stalker  
  35  3:06  Probe (Chrono Boost)  
  35  3:07  Probe (Chrono Boost)  
  37  3:16  Assimilator  
  37  3:17  Probe (Chrono Boost)  
  37  3:18  Probe (Chrono Boost)  
  37  3:19  Assimilator  
  39  3:27  Probe (Chrono Boost)  
  39  3:28  Probe (Chrono Boost)  
  39  3:32  Stalker  
  43  3:36  Probe (Chrono Boost), Oracle (Chrono Boost)  
  43  3:39  Probe  
  48  3:45  Pylon  
  49  3:55  Probe  
  49  3:56  Gateway  
  49  3:59  Gateway  
  49  4:05  Probe  
  54  4:10  Void Ray (Chrono Boost)  
  54  4:11  Probe  
  54  4:15  Probe  
  55  4:18  Pylon  
  55  4:23  Probe  
  57  4:25  Stargate  
  57  4:26  Probe  
  58  4:32  Pylon  
  58  4:49  Twilight Council, Void Ray (Chrono Boost)  
  58  4:51  Adept  
  64  5:05  Probe  
  64  5:06  Void Ray (Chrono Boost)  
  65  5:11  Adept  
  71  5:16  Pylon  
  71  5:18  Forge  
  71  5:22  Adept x2  
  71  5:26  Resonating Glaives (Chrono Boost)  
  75  5:34  Void Ray  
  79  5:37  Pylon  
  79  5:40  Void Ray  
  79  5:44  Adept  
  85  5:52  Pylon  
  85  5:58  Photon Cannon  
  85  6:02  Adept  
  87  6:15  Adept x2  
  87  6:17  Void Ray  
  87  6:18  Void Ray  
  99  6:29  Pylon  
  99  6:38  Adept  
  101  6:48  Probe  
  101  6:51  Adept  
  101  6:52  Adept  
  101  6:54  Probe  
  107  7:01  Probe  
  107  7:02  Pylon  
  108  7:13  Adept  
  108  7:14  Void Ray  
  110  7:20  Void Ray  
  110  7:21  Pylon, Protoss Ground Armor Level 1 (Chrono Boost)  
  118  7:23  Pylon  
  114  7:37  Probe  
  114  7:38  Adept  
  106  7:52  Void Ray  
  108  8:03  Oracle  
  108  8:05  Adept x3  
  103  8:29  Void Ray  
  103  8:39  Adept x2  
  103  8:40  Adept  
  117  8:56  Nexus  
  117  8:58  Probe  
  117  8:59  Pylon  
Show
View Real Time Build Order
Export as new Build Order

Liken Terran 

Build Orders:  

Get SALT Encoding   

  12  0:00  SCV  
  13  0:13  SCV  
  14  0:17  Supply Depot  
  14  0:25  SCV  
  15  0:39  SCV  
  15  0:40  Barracks  
  16  0:51  SCV  
  17  1:03  SCV  
  18  1:14  Command Center  
  18  1:19  SCV  
  19  1:27  Marine  
  19  1:32  Orbital Command  
  20  1:41  Supply Depot  
  20  1:45  Marine  
  20  1:46  Refinery  
  21  1:52  Refinery  
  21  1:59  SCV  
  22  2:03  Marine  
  23  2:11  SCV  
  24  2:21  Marine  
  25  2:23  SCV  
  26  2:35  Factory  
  27  2:39  Orbital Command  
  27  2:41  SCV  
  27  2:44  Bunker  
  27  2:52  Barracks Reactor  
  27  2:53  SCV  
  28  3:05  SCV  
  29  3:06  SCV  
  30  3:16  Engineering Bay  
  30  3:17  SCV  
  30  3:18  SCV  
  32  3:24  Factory Tech Lab, Starport  
  32  3:29  SCV, Marine x2  
  32  3:30  SCV  
  36  3:36  Supply Depot  
  36  3:41  SCV  
  36  3:42  Supply Depot, SCV  
  36  3:47  Cyclone  
  41  3:51  Marine  
  41  3:52  Marine  
  43  3:57  SCV  
  43  3:58  SCV  
  45  4:04  Viking  
  48  4:10  SCV x2  
  48  4:12  Marine x2  
  51  4:22  SCV x2  
  51  4:23  Siege Tank  
  56  4:33  Barracks x2  
  56  4:34  SCV x2  
  58  4:41  Marine x2  
  58  4:43  Starport Reactor  
  60  4:46  SCV x2  
  60  4:47  Refinery x2  
  62  4:59  Supply Depot  
  62  5:00  Supply Depot  
  62  5:19  Command Center  
  62  5:21  SCV x2, Barracks Tech Lab, Siege Tank  
  67  5:22  Barracks Tech Lab  
  67  5:27  Medivac x2  
  71  5:32  Supply Depot  
  71  5:33  SCV x2  
  71  5:34  Supply Depot  
  73  5:40  Stimpack, Concussive Shells  
  73  5:43  Marauder  
  73  5:44  Marauder  
  73  5:45  Marine  
  78  5:53  SCV x2, Marine  
  81  6:02  Factory Reactor, Barracks  
  81  6:04  Barracks  
  81  6:06  SCV  
  82  6:12  SCV  
  82  6:18  SCV  
  84  6:20  Marauder x2  
  84  6:24  SCV  
  89  6:26  Terran Infantry Weapons Level 1  
  89  6:29  Supply Depot x2, Medivac  
  89  6:30  SCV, Medivac  
  94  6:33  Orbital Command  
  94  6:39  Widow Mine x2  
  96  6:41  SCV  
  99  6:49  Marine x3  
  99  6:50  Marine x2  
  104  6:54  SCV x2  
  104  6:56  Barracks Reactor  
  104  7:00  Orbital Command  
  106  7:11  Marine x4  
  106  7:12  Marine  
  111  7:19  Widow Mine x2  
  111  7:20  Medivac x2  
  119  7:29  Marine x4  
  101  7:30  Marine  
  101  7:31  SCV x3  
  100  7:46  Marine x2  
  100  7:47  Marine x3  
  103  7:52  Engineering Bay  
  103  7:53  Armory  
  86  8:05  Marine x2  
  77  8:06  Marauder  
  77  8:09  Marine  
  76  8:16  Marine x3  
  67  8:23  Marine  
  67  8:26  Marine  
  59  8:34  Marine x3  
  57  8:41  Marine  
  58  8:46  Marine  
  60  8:52  Marine x3  
  59  8:59  Marine  
Tags
 
Add a new tag
Caveats
  • Supply blocks, unpowered buildings, or Contaminate may cause inaccurate times.
  • Supply counts are checked every 10 seconds.